 Dungeon Crawl Stone Soup version 0.27.1 (console) character file.

Game seed: 2732784827674914415

1598 thromnambular the Ducker (level 9, -2/69 HPs)
             Began as a Human Warper on Aug 29, 2021.
             Was a Believer of Okawaru.
             Slain by Harold (16 damage)
             ... on level 7 of the Dungeon.
             The game lasted 00:13:23 (7463 turns).

thromnambular the Ducker (Human Warper)             Turns: 7463, Time: 00:13:24

Health: -2/69      AC:  7    Str: 13    XL:     9   Next: 15%
Magic:  12/12      EV: 15    Int: 14    God:    Okawaru [**....]
Gold:   162        SH:  0    Dex: 20    Spells: 4/12 levels left

rFire    . . .     SeeInvis .   q - +5 war axe "Jout Ybb" {spect, rN+}
rCold    . . .     Faith    .   (no shield)
rNeg     + . .     Spirit   .   b - +0 leather armour
rPois    .         Reflect  .   l - +0 helmet
rElec    .         Harm     .   (no cloak)
rCorr    .         Rampage  .   x - +0 pair of gloves
Will     +....                  y - +0 pair of boots
Stlth    +.........             (no amulet)
HPRegen  0.21/turn              e - +6 ring of dexterity
MPRegen  0.13/turn              n - ring of willpower

@: lethally poisoned (-2 -> -8)
A: no striking features
a: Renounce Religion, Heroism


You were on level 7 of the Dungeon.
You worshipped Okawaru.
Okawaru was pleased with you.
You visited 1 branch of the dungeon, and saw 7 of its levels.

You collected 325 gold pieces.
You spent 163 gold pieces at shops.

Inventory:

Hand Weapons
 a - a +0 spear
 q - the +5 war axe "Jout Ybb" (weapon) {spect, rN+}
   (You found it on level 4 of the Dungeon)

   When its wielder attacks, the weapon's spirit leaps out and strikes again.
   The spirit shares a part of any damage it takes with its wielder.
   rN:        It protects you from negative energy.
Missiles
 d - 2 boomerangs of dispersal
 i - 45 poisoned darts (quivered)
Armour
 b - a +0 leather armour (worn)
 l - a +0 helmet (worn)
 x - a +0 pair of gloves (worn)
 y - a +0 pair of boots (worn)
Jewellery
 e - a +6 ring of dexterity (left hand)
 n - a ring of willpower (right hand)
 w - a +4 ring of evasion
Wands
 h - a wand of mindburst (10)
 k - a wand of paralysis (27)
 r - a wand of flame (18)
Scrolls
 f - a scroll of vulnerability {unknown}
 g - 2 scrolls of fear
 j - 2 scrolls of fog
 m - 2 scrolls of blinking
 p - a scroll of enchant armour {unknown}
 s - 4 scrolls of teleportation
 u - a scroll of noise
 A - a scroll of enchant weapon {unknown}
 B - a scroll of identify
Potions
 c - 3 potions of brilliance
 o - a potion of flight {unknown}
 t - a potion of heal wounds {unknown}
 v - a potion of resistance {unknown}
 z - a potion of cancellation


   Skills:
 + Level 5.7 Fighting
 + Level 4.5(5.0) Axes
 - Level 3.2(4.4) Polearms
 - Level 1.0 Throwing
 + Level 5.4 Armour
 + Level 5.8 Dodging
 - Level 2.0 Spellcasting
 - Level 3.0 Translocations


You had 4 spell levels left.
You knew the following spells:

 Your Spells              Type           Power      Damage    Failure   Level
a - Blink                 Tloc           N/A        N/A       13%         2
b - Teleport Other        Tloc           9%         N/A       26%         3
c - Gell's Gravitas       Tloc           4%         N/A       26%         3

Your spell library contained the following spells:

 Spells                   Type           Power      Damage    Failure   Level
 Lesser Beckoning         Tloc           4%         N/A       26%         3
 Manifold Assault         Tloc           9%         N/A       93%         5


Dungeon Overview and Level Annotations

Branches:
Dungeon (7/15)             Temple (0/1) D:4

Altars:
Ashenzari
Cheibriados
Dithmenos
Elyvilon
Fedhas
Nemelex Xobeh
Okawaru
Sif Muna
Uskayaw

Shops:
D:1 *   D:4 *

Annotations:
D:2 1 runed translucent door, Crazy Yiuf
D:4 3 runed translucent doors, COBRA's ghost, amateur HOFi
D:7 Harold


Message History

You resist with almost no effort.
You struggle against the net.
Harold zaps a wand.
You resist with almost no effort.
You struggle against the net.
You rip the net and break free!
Harold zaps a wand.
You resist with almost no effort.
Harold zaps a wand.
You resist with almost no effort.
The now-empty wand crumbles to dust.
Things that are here:
a +0 dagger; a +0 flail You start resting.
Harold is nearby!
You barely miss Harold.
Harold is lightly wounded.
Your +5 war axe "Jout Ybb" {spect, rN+} hits Harold!
Harold looks more healthy.
Harold misses you.
You barely miss Harold.
Harold is moderately wounded.
Your +5 war axe "Jout Ybb" {spect, rN+} barely misses Harold.
Harold hits you with a +3 dire flail of venom!!
You slash Harold!
Harold is heavily wounded.
Your +5 war axe "Jout Ybb" {spect, rN+} hits Harold!
Harold closely misses your +5 war axe "Jout Ybb" {spect, rN+}.
Harold hits your +5 war axe "Jout Ybb" {spect, rN+} with a +3 dire flail of venom!!
Your spectral weapon shares its damage with you!
You hit Harold.
Harold is severely wounded.
Your +5 war axe "Jout Ybb" {spect, rN+} hits Harold.
Harold hits you with a +3 dire flail of venom!
* * * LOW HITPOINT WARNING * * *
You are poisoned.
Okay, then.
Unknown command.
You completely miss Harold.
Harold is severely wounded.
Your +5 war axe "Jout Ybb" {spect, rN+} hits Harold!
You feel very sick.
Harold hits you with a +3 dire flail of venom!
You die...

#.###.........###
#.##.≈≈≈.#.##.#..
#.##≈≈≈≈≈#.##.#.###
#.##≈≈.≈≈#.##.#.#..
#.##≈≈†≈≈#.##.#.#.#
##.###≈≈≈##.##.#.#.########
......#_#......#.#.........
......###.......(@)).......
##.#### ##...###@#.#..#####
#.# #....##.#.#....# #.#
#..#.##.#.#..#.# #.#
#..#.##.#.#.## # #.# #..#
.#.#.#.# #.# #. #.#.#.#
#.#@#.# #.#.# #(#


You could see Harold and a friendly +5 war axe "Jout Ybb" {spect, rN+}
(summoned).

Vanquished Creatures
  Eustachio (D:5)
  Menkaure (D:5)
  2 ogres (D:5)
  Blork the orc (D:4)
  A kobold brigand (D:7)
  4 scorpions
  2 water moccasin skeletons
  A howler monkey (D:5)
  2 centaur zombies
  3 hounds
  3 orc priests
  2 centaur skeletons (D:5)
  Ijyb (D:5)
  An iguana (D:4)
  An orc wizard (D:7)
  Robin (D:2)
  7 gnolls
  A howler monkey skeleton (D:7)
  7 adders
  A river rat (D:5)
  2 white imps (D:6)
  5 dart slugs
  7 orcs
  8 ball pythons
  4 endoplasms
  5 giant cockroaches
  9 goblins
  7 hobgoblins
  2 jackals (D:2)
  2 quokkas (D:1)
  3 bats
  3 frilled lizards
  27 kobolds
  3 rats
130 creatures vanquished.

Vanquished Creatures (others)
  11 plants (D:7)
11 creatures vanquished.

Grand Total: 141 creatures vanquished

Notes
Turn   | Place    | Note
-------+----------+-------------------------------------------
     0 | D:1      | thromnambular the Human Warper began the quest for the Orb.
     0 | D:1      | Reached XP level 1. HP: 16/16 MP: 3/3
   346 | D:1      | Found Qiufah's Assorted Antiques.
   834 | D:1      | Reached XP level 2. HP: 13/22 MP: 5/5
  1376 | D:2      | Reached XP level 3. HP: 28/28 MP: 6/6
  1603 | D:2      | Noticed Robin
  1958 | D:2      | Killed Robin
  1965 | D:2      | Reached XP level 4. HP: 17/34 MP: 7/7
  2405 | D:2      | Learned a level 2 spell: Blink
  2409 | D:2      | Learned a level 3 spell: Teleport Other
  2957 | D:2      | Found a faded altar of an unknown god.
  3016 | D:2      | Found a runed translucent door.
  3017 | D:2      | Noticed Crazy Yiuf
  3216 | D:3      | Reached XP level 5. HP: 40/40 MP: 8/8
  3248 | D:3      | You fall into a shaft and drop 1 floor!
  3250 | D:4      | Found Raer's General Store.
  4366 | D:4      | Found a staircase to the Ecumenical Temple.
  4384 | D:4      | Identified the +5 war axe "Jout Ybb" {spect, rN+}
  4469 | D:4      | Bought a scroll of teleportation for 33 gold pieces
  4491 | D:4      | Reached XP level 6. HP: 47/47 MP: 9/9
  4496 | D:4      | Found a runed translucent gate.
  4496 | D:4      | Found a runed translucent gate.
  4503 | D:4      | Found a runed translucent gate.
  4518 | D:4      | Reached skill level 1 in Axes
  4661 | D:4      | Noticed Blork the orc
  4667 | D:4      | Killed Blork the orc
  4668 | D:4      | Reached XP level 7. HP: 49/53 MP: 10/10
  4819 | D:4      | Found a blossoming altar of Fedhas.
  4826 | D:4      | Found an iron altar of Okawaru.
  4859 | D:4      | Noticed COBRA's ghost (amateur HOFi)
  4896 | D:4      | Became a worshipper of Warmaster Okawaru
  5058 | D:4      | Learned a level 3 spell: Gell's Gravitas
  5091 | D:5      | Entered Level 5 of the Dungeon
  5091 | D:5      | Noticed Eustachio
  5109 | D:5      | Killed Eustachio
  5279 | D:5      | Noticed Ijyb
  5283 | D:5      | Killed Ijyb
  5435 | D:5      | Reached * piety under Okawaru
  5436 | D:5      | Reached XP level 8. HP: 53/61 MP: 11/11
  5559 | D:5      | Found a glowing drain.
  5629 | D:5      | Found a broken altar of Ashenzari.
  5703 | D:5      | Found a sparkling altar of Nemelex Xobeh.
  5751 | D:5      | Found a shadowy altar of Dithmenos.
  5937 | D:1      | Bought a pair of boots for 130 gold pieces
  6178 | D:5      | Noticed Menkaure
  6182 | D:5      | Killed Menkaure
  6183 | D:5      | Reached skill level 5 in Fighting
  6183 | D:5      | Reached skill level 5 in Dodging
  6460 | D:6      | Reached ** piety under Okawaru
  6503 | D:6      | Noticed a +0 spear
  6505 | D:6      | Noticed a +0 short sword
  6505 | D:6      | Noticed a +0 short sword
  6506 | D:6      | Noticed a +0 dagger
  6506 | D:6      | Noticed a +0 dagger
  6507 | D:6      | Noticed a +0 falchion
  6508 | D:6      | Noticed a +0 spear
  6509 | D:6      | Noticed a +0 falchion
  6511 | D:6      | Found a hide-covered altar of Uskayaw.
  6550 | D:6      | Reached skill level 5 in Armour
  6807 | D:6      | Found a white marble altar of Elyvilon.
  6983 | D:6      | Reached XP level 9. HP: 51/68 MP: 12/12
  7304 | D:6      | Found a shimmering blue altar of Sif Muna.
  7364 | D:7      | Found a snail-covered altar of Cheibriados.
  7439 | D:7      | Noticed Harold
  7463 | D:7      | Slain by Harold

Illustrated notes

Levels and vault maps discovered:
D:1:      dpeg_arrival_three_same_balls, layout_loops_corners, serial_shops,
          nicolae_square_shop, serial_bayou_ford_a, minmay_misc_feat_hallway,
          nrook_mini_backslash, hangedman_decor_growths
D:2:      layout_basic, shapermc_ecumenical_altar_hornbeckon, uniq_robin,
          uniq_crazy_yiuf_cottage
D:3:      layout_basic, wad_floor_pattern_1
D:4:      layout_cave_pools, amethyst_overflow_temple_binary, temple_doors_e,
          serial_shops, shop, gammafunk_ghost_icy, uniq_blork_the_orc
D:5:      layout_loops_corners, ashenzari_altar_1, mainiacjoe_overflow_catwalk,
          nicolae_dithmenos_shadow_blocks, portal_sewer_entry_c, uniq_menkaure,
          uniq_ijyb, uniq_eustachio
D:6:      layout_rooms, nicolae_uskayaw_en_pointe, lemuel_blue_sif_altar,
          elyvilon_altar_5
D:7:      kennysheep_kobold_camp, layout_basic, kennysheep_slug_shrine,
          lemuel_crystal_altar, serial_shops, nicolae_stop_n_shop_2,
          uniq_harold, uniq_prince_ribbit1, uniq_duvessa, uniq_maggie

Skill      XL: |  1  2  3  4  5  6  7  8 |
---------------+-------------------------+-----
Armour         | 2 3 4 5 |  5.4
Polearms       | 3 |  3.2
Fighting       | 3 4 5 |  5.7
Dodging        | 3 4 5 |  5.8
Axes           | 1 2 4 |  4.5
Throwing       | |  1.0
Spellcasting   | |  2.0
Translocations | |  3.0

Action                   |  1- 3 |  4- 6 |  7- 9 || total
-------------------------+-------+-------+-------++-------
Melee: Spear             |    73 |   137 |       ||   210
       War axe           |       |    13 |    89 ||   102
Throw: Boomerang         |     3 |       |       ||     3
       Dart              |    16 |    58 |    26 ||   100
  Use: Potion            |     4 |       |       ||     4
       Scroll            |     1 |       |     6 ||     7
 Stab: Sleeping          |     3 |     1 |       ||     4
       Distracted        |     1 |     1 |       ||     2
Armor: Leather armour    |    11 |    36 |    24 ||    71
Dodge: Dodged            |    39 |   101 |    72 ||   212
